 Dungeon Crawl Stone Soup version 0.31-a0-233-g139696dc86 (webtiles) character file.

Game seed: 9287774462685730656

10732 porpoise the Fighter (level 11, -4/76 HPs)
             Began as a Djinni Conjurer on July 8, 2023.
             Was an Elder of Hepliaklqana.
             Slain by Grum
             ... wielding a +0 spear
              (21 damage)
             ... on level 1 of the Lair of Beasts on July 9, 2023.
             The game lasted 00:51:12 (12664 turns).

porpoise the Fighter (Djinni Conjurer)             Turns: 12664, Time: 00:51:13

Health: -4/76      AC: 11    Str:  6    XL:     11   Next: 98%
Gold:   770        EV: 13    Int: 24    God:    Hepliaklqana [****..] SH:  0 Dex: 12

rFire   + + .        b - +0 orcbow
rCold   x . .        (shield currently unavailable)
rNeg    + . .        R - +0 acid dragon scales
rPois   ∞            (no helmet)
rElec   .            n - +0 cloak
rCorr   +            F - +2 pair of gloves {hurl}
SInv    .            (boots unavailable)
Will    ++...        z - amulet of regeneration
Stlth   ++           q - ring of positive energy
HPRegen 1.12/turn    J - ring of willpower
MPRegen 0.00/turn

%: infuse magic (-5 HP)
@: flying, very slightly contaminated
A: reduced essence, sickness immunity, fire resistance 2, cold vulnerability 1,
float, innate caster, HP casting, extra vitality 1
a: Renounce Religion, Recall Ancestor, Ancestor Identity, Transference, Idealise


You were on level 1 of the Lair of Beasts.
You worshipped Hepliaklqana.
Hepliaklqana was greatly pleased with you.
You visited 3 branches of the dungeon, and saw 12 of its levels.
You also visited: Ossuary.

You collected 770 gold pieces.

Inventory:

Hand Weapons
 a - a +3 dagger of protection
 b - a +0 orcbow (weapon)
 N - a +1 dagger of venom
Missiles
 p - 5 javelins
 r - 13 poisoned darts
 v - 17 boomerangs
 Q - 5 atropa-tipped darts
Armour
 n - a +0 cloak (worn)
 A - a scarf of invisibility
 F - a +2 pair of gloves of hurling (worn)
 I - the +3 leather armour of the Endless Expanse {rF+ Str+3 Dex+2}
   (You took it off an orc wizard on level 7 of the Dungeon)

   Str:       It affects your strength (+3).
   Dex:       It affects your dexterity (+2).
   rF:        It protects you from fire.
 R - +0 acid dragon scales (worn)
 U - the +10 tower shield of Ignorance {rN+ Int-4}
   (You found it on level 1 of the Lair of Beasts)

   Int:       It affects your intelligence (-4).
   rN:        It protects you from negative energy.
Jewellery
 c - a ring of ice
 k - a ring of wizardry
 q - a ring of positive energy (left hand)
 z - an amulet of regeneration (around neck)
 G - a ring of fire
 H - a ring of resist corrosion
 J - a ring of willpower (right hand)
Wands
 D - a wand of light (9)
 K - a wand of flame (33)
 L - a wand of charming (15)
Scrolls
 f - 6 scrolls of teleportation
 h - a scroll of torment
 l - 3 scrolls of noise
 s - 2 scrolls of fog
 w - 3 scrolls of immolation
 y - 3 scrolls of poison
 B - a scroll of blinking
 C - 4 scrolls of revelation
 E - a scroll of amnesia
 P - a scroll of enchant weapon
Potions
 d - 3 potions of lignification
 e - 2 potions of attraction
 g - a potion of cancellation {unknown}
 i - 4 potions of mutation
 j - 2 potions of invisibility
 m - 4 potions of enlightenment
 o - a potion of heal wounds {unknown}
 t - a potion of experience {unknown}
 u - 5 potions of brilliance
 x - a potion of magic {unknown}
 O - a potion of might
 S - 2 potions of curing
 T - 3 potions of haste
Miscellaneous
 M - a phial of floods


   Skills:
 + Level 9.8 Fighting
 - Level 5.0 Armour
 - Level 9.0 Dodging
 - Level 5.0 Stealth
 + Level 7.5 Spellcasting
 + Level 7.5 Conjurations
 + Level 7.5 Hexes
   Level 0.0 Charms
 + Level 7.5 Summonings
 + Level 7.5 Necromancy
 + Level 7.5 Translocations
 + Level 7.5 Transmutations
 + Level 7.5 Fire Magic
 + Level 7.5 Ice Magic
 + Level 7.5 Air Magic
 + Level 7.5 Earth Magic
 + Level 7.5 Poison Magic
 + Level 6.1 Invocations


You knew the following spells:

 Your Spells              Type           Power      Damage    Failure   Level
a - Magic Dart            Conj           100%       1d8       1%          1
b - Searing Ray           Conj           90%        2d7       1%          2
c - Dazzling Flash        Conj/Hex       90%        N/A       1%          3
d - Fulminant Prism       Conj/Hex       22%        3d12      6%          4
e - Iskenderun's Mystic   Conj/Tloc      45%        2d10      6%          4
f - Momentum Strike       Conj/Tloc      90%        3d10      1%          2
i - Summon Ice Beast      Ice/Summ       45%        N/A       6%          4
n - Lesser Beckoning      Tloc           90%        N/A       1%          2
p - Portal Projectile     Hex/Tloc       90%        N/A       1%          3
s - Sandblast             Erth           90%        2d19      1%          1
Your spell library was empty.

Dungeon Overview and Level Annotations

Branches:
Dungeon (10/15)            Temple (1/1) D:4            Lair (1/5) D:10
    Orc (0/2) D:10        Ossuary (visited)

Altars:
Ashenzari
Cheibriados
Dithmenos
Elyvilon
Fedhas
Gozag
Hepliaklqana
Makhleb
Nemelex Xobeh
Okawaru
Qazlal
Ru
Trog
Uskayaw
Wu Jian
Xom
Yredelemnul
Zin
The Shining One

Shops:
D:8 [

Annotations:
D:4 exclusion: oklob plant
Lair:1 Grum


Innate Abilities, Weirdness & Mutations

Your life essence is reduced to manifest your ancestor. (-10% HP)
You are immune to sickness and miasma.
You are immune to poison.
Your flesh is very heat resistant. (rF++)
You are vulnerable to cold. (rC-)
You float through the air rather than walking.
You learn spells naturally, not from books.
Your magical power is your life essence.
You have superior vitality. (+4 MHP)


Message History

You shoot an arrow. Nikki avoids your attack.
The arrow barely misses the wolf. x3
The wolf bites Nikki but does no damage.
The wolf closely misses Nikki.
Nikki blocks the wolf's attack.
Nikki misses the wolf.
You shoot an arrow. The arrow closely misses the wolf.
The wolf barely misses Nikki.
A wolf comes into view.
The wolf bites Nikki but does no damage.
The wolf bites you.
Nikki hits the wolf with a +0 flail.
You shoot an arrow. The arrow hits the wolf!
The wolf is heavily wounded.
Nikki blocks the wolf's attack.
The wolf barely misses you.
Nikki blocks the wolf's attack.
The wolf misses you.
Grum drinks a potion.
Grum goes berserk!
The wolf closely misses Nikki.
The wolf closely misses you.
Nikki barely misses the wolf.
You hear a bellow!
You shoot an arrow. The arrow barely misses the wolf.
Nikki blocks the wolf's attack.
The wolf bites you but does no damage.
Grum hits you from afar with a +0 spear!
The wolf bites Nikki!
The wolf barely misses you.
A yak comes into view.
Grum hits you from afar with a +0 spear!!
Nikki blocks the wolf's attack.
The wolf completely misses you.
Nikki hits the wolf with a +0 flail.
The wolf dies!
The wolf closely misses Nikki.
The wolf bites you but does no damage.
Unknown command.
Casting: Sandblast (safe; 1% risk of failure)
Confirm with . or Enter, or press ? or * to list all spells.
Aiming: Fulminant Prism (dangerous; 6% risk of failure)
Press: ? - help, Dir - move target, p - wolf You miscast Fulminant Prism.
You are very lightly contaminated with residual magic.
Nothing appears to happen.
Grum hits you from afar with a +0 spear!
The wolf bites you.
The wolf barely misses Nikki.
The wolf barely misses you. The wolf bites you.
* * * LOW HITPOINT WARNING * * *
Grum hits you from afar with a +0 spear!!
You die...

#P...........#.#
##............## #..
#P............## ...
#..............# ..Y.
..#...........## .....
.#.#.#.#.#.#.######.....
................#PRh....
.#.#.#.#.#.#.#....g.....
..............##@h......
.#.#.#.#.#.#.###.h......
.............. ##......#
.#.#.#.#.#.#.# ......#
.............. #....P#
.# #.#.#.# #.# ##..## ..
#.# #.


You could see the friendly Nikki the knight, Grum (berserk), a yak and 3 wolves.

Vanquished Creatures
  A boulder beetle (D:10)
  3 two-headed ogres
  Pikel (D:7)
  Maurice (D:8)
  Prince Ribbit (D:6)
  A wyvern (D:5)
  A basilisk (D:10)
  A steam dragon (D:8)
  A yak (D:10)
  Menkaure (D:7)
  An acid dragon (D:9)
  A water moccasin (D:10)
  2 orc warriors
  2 black bears (D:10)
  An ogre (D:6)
  2 wolves (D:10)
  2 centaurs
  A phantom (D:5)
  A kobold brigand (D:7)
  3 gnoll sergeants
  6 bullfrogs
  9 scorpions
  6 wights
  2 killer bees (D:9)
  3 howler monkeys
  4 human zombies (Ossuary)
  A jelly (D:5)
  4 hounds
  3 orc priests
  A sleepcap (D:5)
  A gnoll bouda (D:4)
  2 scorpion zombies (Ossuary)
  2 iguanas
  6 orc wizards
  A mummy (Ossuary)
  10 gnolls
  9 adders
  A white imp (D:6)
  2 ufetubi (D:6)
  A worm (D:2)
  A dart slug (D:2)
  36 orcs
  5 ball pythons
  7 bats
  10 endoplasms
  2 giant cockroaches
  5 goblins
  4 hobgoblins
  6 jackals
  17 kobolds
  5 quokkas
  2 frilled lizards
  A goblin zombie (Ossuary)
  A kobold zombie (Ossuary)
  3 orc zombies (Ossuary)
  6 rats
213 creatures vanquished.

Vanquished Creatures (collateral kills)
  A komodo dragon (Lair:1)
  2 wyverns
  A wraith (D:10)
  A steam dragon (D:6)
  An acid dragon (D:9)
  2 ice beasts
  3 orc warriors
  A black bear (D:10)
  3 wolves
  A centaur (D:9)
  A kobold brigand (D:6)
  7 scorpions
  A wight (D:8)
  2 killer bees (D:9)
  5 howler monkeys
  A centaur zombie (Ossuary)
  2 human zombies (Ossuary)
  3 orc priests
  Crazy Yiuf (D:7)
  An iguana (D:10)
  4 orc wizards
  A scorpion zombie (Ossuary)
  2 mummies (Ossuary)
  4 gnolls
  A shadow imp (D:6)
  2 orcs
  A gnoll zombie (Ossuary)
  A kobold (D:7)
  A kobold zombie (Ossuary)
57 creatures vanquished.

Vanquished Creatures (others)
  3 knights
  An ancestor (Ossuary)
  28 fulminant prisms
32 creatures vanquished.

Grand Total: 302 creatures vanquished

Notes
Turn   | Place    | Note
-------+----------+-------------------------------------------
     0 | D:1      | porpoise the Djinni Conjurer began the quest for the Orb.
     0 | D:1      | porpoise set off with the following spells memorised: Magic
                  | Dart, Searing Ray, Dazzling Flash, Fulminant Prism,
                  | Iskenderun's Mystic Blast.
     0 | D:1      | Reached XP level 1. HP: 15/15 MP: 0/0
   130 | D:1      | Reached XP level 2. HP: 20/22 MP: 0/0
   151 | D:1      | Reached skill level 1 in Fighting
   453 | D:1      | Reached XP level 3. HP: 25/27 MP: 0/0
   453 | D:1      | Learned a level 1 spell: Sandblast
   808 | D:2      | Found a glowing golden altar of the Shining One.
  1251 | D:3      | Reached XP level 4. HP: 30/33 MP: 0/0
  1574 | D:3      | Found a bloodstained altar of Trog.
  1591 | D:3      | Found a shadowy altar of Dithmenos.
  1620 | D:3      | Reached XP level 5. HP: 37/39 MP: 0/0
  1620 | D:3      | Learned a level 2 spell: Lesser Beckoning
  1630 | D:3      | Found an ornate altar of the Wu Jian Council.
  2522 | D:4      | Reached XP level 6. HP: 44/46 MP: 0/0
  2608 | D:4      | Found a staircase to the Ecumenical Temple.
  2622 | Temple   | Entered the Ecumenical Temple
  2691 | Temple   | Became a worshipper of Hepliaklqana the Forgotten
  2786 | D:4      | HP: 2/47 [centaur (1)]
  3334 | D:4      | Found a blossoming altar of Fedhas.
  3352 | D:4      | Noticed an oklob plant
  3592 | D:4      | Reached XP level 7. HP: 45/53 MP: 0/0
  3592 | D:4      | Learned a level 2 spell: Momentum Strike
  3899 | D:5      | Entered Level 5 of the Dungeon
  3955 | D:5      | Reached skill level 5 in Spellcasting
  3955 | D:5      | Reached skill level 5 in Conjurations
  3955 | D:5      | Reached skill level 5 in Hexes
  3955 | D:5      | Reached skill level 5 in Summonings
  3955 | D:5      | Reached skill level 5 in Necromancy
  3955 | D:5      | Reached skill level 5 in Translocations
  3955 | D:5      | Reached skill level 5 in Transmutations
  3955 | D:5      | Reached skill level 5 in Fire Magic
  3955 | D:5      | Reached skill level 5 in Ice Magic
  3955 | D:5      | Reached skill level 5 in Air Magic
  3955 | D:5      | Reached skill level 5 in Earth Magic
  3955 | D:5      | Reached skill level 5 in Poison Magic
  3998 | D:5      | Reached skill level 5 in Fighting
  4333 | D:5      | Found a sand-covered staircase.
  4361 | D:5      | Reached XP level 8. HP: 11/61 MP: 0/0
  4362 | D:5      | Noticed a wyvern
  4369 | Ossuary  | Entered an ossuary
  4638 | Ossuary  | Reached * piety under Hepliaklqana
  5373 | Ossuary  | Reached XP level 9. HP: 51/61 MP: 0/0
  5373 | Ossuary  | Learned a level 3 spell: Portal Projectile
  6274 | D:5      | You are sucked into a shaft and drop 3 floors!
  6335 | D:6      | Noticed Prince Ribbit
  6353 | D:6      | Killed Prince Ribbit
  6368 | D:6      | Reached skill level 1 in Invocations
  7238 | D:6      | Found a burning altar of Makhleb.
  7256 | D:6      | Reached XP level 10. HP: 67/69 MP: 0/0
  7633 | D:6      | Found a glowing golden altar of the Shining One.
  7721 | D:7      | Noticed Menkaure
  7726 | D:7      | Killed Menkaure
  7736 | D:7      | Reached skill level 5 in Dodging
  7743 | D:7      | Reached ** piety under Hepliaklqana
  7743 | D:7      | Noticed Pikel
  7749 | D:7      | Killed Pikel
  8060 | D:7      | Found a runed translucent door.
  8061 | D:7      | Noticed Crazy Yiuf
  8121 | D:7      | Identified the +3 leather armour of the Endless Expanse
                  | {rF+ Str+3 Dex+2}
  8795 | D:7      | Remembered your ancestor Nikki as a knight
  9202 | D:7      | Killed Crazy Yiuf
  9203 | D:7      | Reached skill level 5 in Stealth
  9441 | D:8      | Noticed a two-headed ogre
  9452 | D:8      | Killed a two-headed ogre
  9456 | D:8      | Reached skill level 5 in Invocations
  9503 | D:8      | Reached skill level 1 in Armour
  9536 | D:8      | Reached XP level 11. HP: 67/75 MP: 0/0
  9536 | D:8      | Learned a level 4 spell: Summon Ice Beast
  9692 | D:8      | Noticed an animated shadow dragon scales
  9693 | D:8      | Reached *** piety under Hepliaklqana
  9695 | D:8      | Found Natausm's Armour Emporium.
  9697 | D:8      | Noticed an animated storm dragon scales
  9699 | D:8      | Noticed Maurice
  9709 | D:8      | Killed Maurice
 10330 | D:9      | Noticed a two-headed ogre
 10342 | D:9      | Killed a two-headed ogre
 10529 | D:9      | Found a sacrificial altar of Ru.
 10820 | D:9      | Noticed a two-headed ogre
 10827 | D:9      | Killed a two-headed ogre
 10828 | D:9      | Reached skill level 5 in Armour
 11177 | D:10     | Entered Level 10 of the Dungeon
 11204 | D:10     | Reached **** piety under Hepliaklqana
 11237 | D:10     | Noticed a boulder beetle
 11260 | D:10     | Killed a boulder beetle
 11322 | D:10     | Found a sparkling altar of Nemelex Xobeh.
 11506 | D:10     | Found a staircase to the Lair.
 12127 | D:10     | Found a staircase to the Orcish Mines.
 12584 | Lair:1   | Entered Level 1 of the Lair of Beasts
 12584 | Lair:1   | Found the +10 tower shield of Ignorance {rN+ Int-4}
 12659 | Lair:1   | Noticed Grum
 12664 | Lair:1   | Slain by Grum

Illustrated notes

Levels and vault maps discovered:
D:1:      dpeg_arrival_shelter, layout_rooms, minmay_misc_feat_more_columns
D:2:      layout_rooms, basic_altar
D:3:      layout_rooms, nicolae_vehumet_radiance, nzn_wu_jian_contemplation,
          mainiacjoe_overflow_alcove_4, mainiacjoe_overflow_small_starburst
D:4:      layout_loops_ring, tgw_fedhas, minmay_temple_entry_stoned_glass,
          grunt_ministairs_2
D:5:      layout_layer_cave, led_sif_book, nicolae_ossuary_entry_monument,
          chequers_serial_rivers_micro_a
D:6:      layout_basic, nicolae_tso_swordbearing_angel,
          makhleb_heckhound_becter, uniq_prince_ribbit1
D:7:      layout_layer_cave, grunt_ministairs_12, uniq_pikel, uniq_menkaure,
          uniq_crazy_yiuf_cottage
D:8:      layout_cave_pods, serial_shops, nicolae_shop_mannequins, uniq_maurice
D:9:      layout_cave_pods, jmf_multi_god_temple
D:10:     layout_layer_cave, mainiacjoe_overflow_concentric_impassable,
          minmay_lair_entry_grove
Temple:   chequers_temple_sunken
Lair:1:   layout_cave_shapes, serial_rivers, chequers_serial_rivers_micro_b,
          chequers_serial_rivers_room_b, chequers_serial_rivers_large_a,
          chequers_serial_rivers_micro_d, chequers_serial_rivers_small_b,
          chequers_serial_rivers_micro_b, st_stairs_11, uniq_grum

Skill      XL: |  1  2  3  4  5  6  7  8  9 10 11 |
---------------+----------------------------------+-----
Fighting       | 1 2 3 4 5 7 8 9 |  9.8
Spellcasting   | 4 5 6 7 |  7.5
Conjurations   | 4 5 6 7 |  7.5
Hexes          | 4 5 6 7 |  7.5
Summonings     | 4 5 6 7 |  7.5
Necromancy     | 4 5 6 7 |  7.5
Translocations | 4 5 6 7 |  7.5
Transmutations | 4 5 6 7 |  7.5
Fire Magic     | 4 5 6 7 |  7.5
Ice Magic      | 4 5 6 7 |  7.5
Air Magic      | 4 5 6 7 |  7.5
Earth Magic    | 4 5 6 7 |  7.5
Poison Magic   | 4 5 6 7 |  7.5
Stealth        | 3 5 |  5.0
Dodging        | 4 7 9 |  9.0
Invocations    | 1 5 6 |  6.1
Armour         | 1 5 |  5.0

Action                     |  1- 3 |  4- 6 |  7- 9 | 10-12 || total
---------------------------+-------+-------+-------+-------++-------
  Melee: Dagger            |       |    11 |    22 |     4 ||    37
   Fire: Orcbow            |       |       |     3 |   240 ||   243
   Cast: Magic Dart        |    30 |     4 |     3 |     2 ||    39
         Searing Ray       |    24 |    27 |    52 |    14 ||   117
         Sandblast         |       |    21 |     8 |    32 ||    61
         Fulminant Prism   |       |       |    14 |    14 ||    28
         Iskenderun's Myst |       |       |     2 |     7 ||     9
         Dazzling Flash    |       |       |       |     1 ||     1
         Summon Ice Beast  |       |       |       |     1 ||     1
         Portal Projectile |       |       |       |     1 ||     1
         Momentum Strike   |       |       |       |     1 ||     1
 Invoke: Recall Ancestor   |       |       |     1 |       ||     1
         Ancestor Life: Kn |       |       |       |     1 ||     1
         Ancestor Identity |       |       |       |     1 ||     1
    Use: Potion            |       |     4 |       |       ||     4
         Scroll            |       |       |    12 |     9 ||    21
 Armour: Robe              |     1 |    18 |    18 |     5 ||    42
         Leather armour    |       |       |       |    27 ||    27
         Acid dragon scale |       |       |       |    11 ||    11
  Dodge: Dodged            |     8 |    49 |    77 |    89 ||   223

Table legend: (Time is in decaauts)
 A = Elapsed time spent in this place.
 B = Non-inter-level travel time spent in this place.
 C = Inter-level travel time spent in this place.
 D = Time resting spent in this place.
 E = Time spent auto-exploring this place.
 F = Levels seen in this place.
 G = Mean time per level.
                   A        B        C        D        E       F      G
               +--------+--------+--------+--------+--------+-----+--------+
         Total |  12827 |  12506 |    321 |   4117 |   6276 |  13 |  986.7 |
       Dungeon |  11302 |  10991 |    311 |   3123 |   6206 |  10 | 1130.2 |
        Temple |     79 |     70 |      9 |      0 |     16 |   1 |   79.0 |
          Lair |     88 |     88 |      0 |      0 |     54 |   1 |   88.0 |
       Ossuary |   1357 |   1357 |      0 |    994 |      0 |   1 | 1357.0 |
               +--------+--------+--------+--------+--------+-----+--------+

Top non-repeatable levels by time:
     D:4: 1605 daAuts
     D:7: 1594 daAuts
    D:10: 1452 daAuts
     D:5: 1421 daAuts
 Ossuary: 1357 daAuts
     D:9: 1064 daAuts
     D:3: 1007 daAuts
     D:8: 965 daAuts
     D:6: 945 daAuts
     D:2: 719 daAuts
     D:1: 525 daAuts
  Lair:1: 88 daAuts
  Temple: 79 daAuts
